 Dungeon Crawl Stone Soup version 0.30-a0-222-ge547ba4400 (webtiles) character file.

Game seed: 11899124969268349804

97254 qw the Severer (level 16, -2/104 HPs)
             Began as a Gargoyle Fighter on Oct 8, 2022.
             Was an Elder of Okawaru.
             Slain by an orc knight
             ... wielding a +0 battleaxe
              (20 damage)
             ... on level 2 of the Orcish Mines.
             The game lasted 00:09:11 (19489 turns).

qw the Severer (Gargoyle Fighter)                  Turns: 19489, Time: 00:09:12

Health: -2/104     AC: 47    Str: 30    XL:     16   Next: 19%
Magic:  21/21      EV: 12    Int: 11    God:    Okawaru [****..]
Gold:   1763       SH:  7    Dex: 12    Spells: 15/15 levels left

rFire   x . .      SeeInvis .    Y - +1 broad axe (vorpal)
rCold   . . .      Faith    .    c - +0 buckler
rNeg    + . .      Spirit   .    y - +8 storm dragon scales "Xeih" {rElec Regen+ Dex+3}
rPois   inf        Reflect  .    a - +1 helmet
rElec   +          Harm     .    u - +1 cloak {Will+}
rCorr   .          Rampage  .    h - +0 pair of gloves
Will    +++..                    l - +1 pair of boots
Stlth   ..........               i - amulet of regeneration
HPRegen 1.97/turn                p - ring "Erehumaa" {rF- Will+ Str+4 Slay+4}
MPRegen 0.17/turn                x - +4 ring of protection

@: heroic, corroded, flying
A: sickness immunity, AC +12, big wings, negative energy resistance 1,
electricity resistance, torment resistance 1, petrification resistance, hooves
1, low MP 1, screaming 1
a: Renounce Religion, Heroism, Finesse


You were on level 2 of the Orcish Mines.
You worshipped Okawaru.
Okawaru was greatly pleased with you.
You visited 3 branches of the dungeon, and saw 22 of its levels.

You collected 3206 gold pieces.
You spent 1443 gold pieces at shops.


Innate Abilities, Weirdness & Mutations

You are immune to sickness and miasma.
Your stone body is resilient. (AC +12)
You are immune to poison.
Your large and strong wings let you fly.
You resist negative energy. (rN+)
You are resistant to electric shocks. (rElec)
You are resistant to unholy torment.
You are immune to petrification.
You have large cloven feet.
Your magical capacity is low. (-10% MP)
You occasionally shout uncontrollably at your foes.


   Skills:
 - Level 13.0(18.0) Fighting
 - Level 18.0(23.0) Axes
 - Level 6.0(11.0) Throwing
 + Level 12.1(17.1) Armour
 - Level 4.1(9.1) Dodging
 - Level 8.6(13.6) Shields
 - Level 10.0 Invocations


You had 15 spell levels left.
You didn't know any spells.
Your spell library was empty.

Inventory:

Hand Weapons
 o - a +0 hand axe of flaming
 Y - a +1 vorpal broad axe (weapon)
Missiles
 s - 7 boomerangs
 B - 2 silver boomerangs (quivered)
Armour
 a - a +1 helmet (worn)
 c - a +0 buckler (worn)
 h - a +0 pair of gloves (worn)
 l - a +1 pair of boots (worn)
 t - a +2 cloak
 u - a +1 cloak of willpower (worn)
 y - the +8 storm dragon scales "Xeih" (worn) {rElec Regen+ Dex+3}
   (Okawaru gifted it to you on level 3 of the Lair of Beasts)

   Dex:       It affects your dexterity (+3).
   rElec:     It insulates you from electricity.
   Regen:     It increases your rate of health regeneration.
Jewellery
 i - an amulet of regeneration (around neck)
 p - the ring "Erehumaa" (left hand) {rF- Will+ Str+4 Slay+4}
   (You acquired it on level 10 of the Dungeon)

   [ring of slaying]

   Str:       It affects your strength (+4).
   Slay:      It affects your accuracy & damage with ranged weapons and melee
   (+4).
   rF:        It makes you vulnerable to fire.
   Will:      It increases your willpower.
 w - a ring of fire
 x - a +4 ring of protection (right hand)
 A - a +4 ring of protection
Wands
 q - a wand of digging (7)
Scrolls
 j - 28 scrolls of identify
 k - 6 scrolls of teleportation
Potions
 b - 4 potions of resistance
 d - 2 potions of might
 e - 6 potions of mutation
 f - 4 potions of lignification
 g - 17 potions of curing
 m - 7 potions of heal wounds
 n - 4 potions of attraction
 r - 5 potions of cancellation
 v - 3 potions of magic
 z - 3 potions of haste

Dungeon Overview and Level Annotations

Branches:
Dungeon (15/15) Temple (0/1) D:7 Lair (5/5) D:10 Shoals (0/4) Lair:2 Snake (0/4) Lair:2 Slime (0/5) Lair:5 Orc (2/2) D:11 Elf (0/3) Orc:2 Vaults (0/5) D:13 D:14 Depths (0/4) D:15

Altars:
Cheibriados
Fedhas
Makhleb
Okawaru
Ru
Trog
Wu Jian
Yredelemnul
Zin

Shops:
D:7 [   D:8 :   D:10 ([   D:14 !   Orc:1 !

Annotations:
D:2 1 runed translucent door, Crazy Yiuf
D:6 1 runed translucent door, qw's ghost, novice GrFi
Lair:1 1 runed translucent door


Message History

You block the orc's attack.
The orc knight hits you but does no damage.
The orc high priest hits you but does no damage.
The orc wizard gestures wildly while chanting.
The orc wizard flickers and vanishes!
Deactivating autopickup; reactivate with Ctrl-A.
You block the orc warrior's attack. You block the orc's attack.
The orc warrior misses you.
You slice the orc high priest!!
You kill the orc high priest!
Okawaru accepts your kill.
The rust devil disappears in a puff of smoke!
The neqoxec disappears in a puff of smoke!
The rust devil disappears in a puff of smoke!
You slice the orc!!
You kill the orc!
You hit the orc knight but do no damage.
You hit the orc knight.
The orc knight is heavily wounded.
The orc barely misses you.
The orc knight hits you with a +0 battleaxe!
The orc sorcerer says, "Argatax netranoch dertex."
You block the orc warrior's attack.
You hit the orc knight but do no damage.
The orc knight is heavily wounded.
You slice the orc priest!!
You kill the orc priest!
Okawaru accepts your kill.
The orc sorcerer no longer looks unusually strong.
The orc knight no longer looks unusually strong.
You block the orc's attack.
The orc sorcerer points at you and mumbles some strange words.
The bolt of fire hits the orc!!
The orc dies!
The bolt of fire hits you!! The fire burns you terribly!
You block the orc warrior's attack.
The orc wizard casts a spell.
The orc wizard flickers and vanishes!
The orc knight hits you with a +0 battleaxe!!
You die...

.......#####.......##
#..#..... #......
#..#....## ##.#....#
#....## #####....#
####.### #...
##..#.## ###
###...### ##....## ##
##.....## ##.
#.......# #..
##..)@o## ##. #.o¤))#
## #..ooooo..
###oooo)### ...oooo{
#....{.o.. #.........
#.........# #


You could see 3 orc knights, an orc sorcerer, 5 orc warriors, an orc priest
(strong), an orc wizard (strong) and 5 orcs.

Vanquished Creatures
  Jorgrun (D:13)
  Rupert (D:13)
  An orc warlord (Orc:1)
  A stone giant (D:15)
  Nessos (D:15)
  Josephine (Orc:1)
  3 fire dragons
  7 hydras
  Erolcha (Orc:1)
  9 centaur warriors
  2 catoblepae
  Erica (Orc:1)
  2 boulder beetles
  3 two-headed ogres
  3 death yaks (Lair:4)
  A deep troll earth mage (D:13)
  Urug (D:14)
  2 orc high priests
  A deep elf knight (D:13)
  Nergalle (Orc:1)
  A death drake (shapeshifter) (D:15)
  A swamp dragon (Lair:5)
  2 wizards
  13 ugly things
  2 deep elf pyromancers
  2 orc sorcerers
  4 cyclopes
  4 manticores
  Joseph (D:7)
  5 black mambas
  Maurice (D:9)
  21 elephants
  A torpor snail (Lair:4)
  6 komodo dragons
  19 cane toads
  A kobold demonologist (D:11)
  2 unseen horrors
  An efreet (D:14)
  3 tengu conjurers
  A queen bee (Lair:4)
  3 meliai (Lair:4)
  9 trolls
  5 polar bears (Lair:4)
  A polar bear (shapeshifter) (D:15)
  A wind drake (Lair:2)
  A hornet (D:9)
  29 slime creatures
  Grinder (D:3)
  11 dream sheep (Lair:3)
  6 blink frogs
  Sigmund (D:3)
  4 shadows
  5 wraiths
  16 humans (D:13)
  42 yaks
  5 wyverns
  4 basilisks (Lair:5)
  A steam dragon (Lair:5)
  11 vampire mosquitoes
  7 wargs (Orc:1)
  6 nagas (Lair:2)
  2 acid dragons (Lair:5)
  9 water moccasins
  3 swamp drakes (Lair:5)
  20 orc warriors
  2 sky beasts (D:7)
  2 ice beasts (D:6)
  2 black bears
  5 ogres
  24 wolves
  5 boggarts (D:11)
  12 centaurs
  4 phantoms
  A kobold brigand (D:6)
  2 wyvern zombies (D:7)
  4 scorpions
  11 bullfrogs
  A gnoll sergeant (D:8)
  12 wights
  20 killer bees (Lair:4)
  2 howler monkeys (D:9)
  2 centaur zombies (D:7)
  4 hounds
  3 jellies
  17 orc priests
  A gnoll bouda (D:9)
  17 orc wizards
  11 iguanas
  Natasha (thrice) (D:2)
  2 killer bee zombies (D:7)
  5 ogre zombies (D:11)
  A howler monkey zombie (D:7)
  11 gnolls
  8 adders
  A shadow imp (D:6)
  A white imp (D:3)
  3 ufetubi
  A worm (D:2)
  A dart slug (D:5)
  59 orcs
  4 bats
  6 endoplasms
  5 hobgoblins
  6 jackals
  3 quokkas
  8 ball pythons
  3 frilled lizards
  6 goblins
  A goblin skeleton (D:11)
  3 goblin zombies (D:11)
  3 hobgoblin skeletons (D:11)
  7 kobolds
  An orc skeleton (D:11)
  11 orc zombies (D:11)
  6 rats
  A bush (Lair:3)
671 creatures vanquished.

Vanquished Creatures (others)
  An orc warrior (Orc:1)
  An orc (Orc:2)
  A butterfly (Lair:3)
  26 fungi
  44 plants
  11 toadstools (Lair:1)
84 creatures vanquished.

Grand Total: 755 creatures vanquished

Notes
Turn   | Place    | Note
-------+----------+-------------------------------------------
     0 | D:1      | qw the Gargoyle Fighter began the quest for the Orb.
     0 | D:1      | Reached XP level 1. HP: 14/14 MP: 1/1
     0 | D:1      | 0 ||| qw: Version: 0.2-a-17-gfa9de96
     0 | D:1      | 0 ||| qw: Game counter: 2003
     0 | D:1      | 0 ||| qw: Always use a shield: true
     0 | D:1      | 0 ||| qw: God list: Okawaru
     0 | D:1      | 0 ||| qw: Allow faded altars: false
     0 | D:1      | 0 ||| qw: Do Orc after D:15 true
     0 | D:1      | 0 ||| qw: Do second Lair branch before Depths: true
     0 | D:1      | 0 ||| qw: Lair rune preference: random
     0 | D:1      | 0 ||| qw: Plans: Normal, Zot:1-4, God:TSO, Crypt, Tomb,
                  | Pan, Slime:5, Hells, Abyss, Orb
     0 | D:1      | 0 ||| PLANNING D:1-11
    44 | D:1      | Reached skill level 2 in Axes
    93 | D:1      | 93 ||| DROPPING +0 club.
   128 | D:1      | Reached XP level 2. HP: 19/19 MP: 2/2
   463 | D:1      | 463 ||| Stepping ~*~*~tactically~*~*~ (stealth).
   510 | D:1      | Reached skill level 3 in Axes
   708 | D:1      | 708 ||| Stepping ~*~*~tactically~*~*~ (stealth).
   709 | D:1      | 709 ||| Stepping ~*~*~tactically~*~*~ (stealth).
   723 | D:1      | Reached XP level 3. HP: 23/23 MP: 3/3
  1041 | D:1      | 1041 ||| UPGRADING to amulet of regeneration.
  1046 | D:1      | 1046 ||| READING scroll labelled ENEAPOLEUL.
  1047 | D:1      | 1047 ||| READING scroll labelled ITONOUDIEWN.
  1048 | D:1      | 1048 ||| DRINKING 2 black potions.
  1048 | D:1      | Gained mutation: You have large cloven feet. [potion of
                  | mutation]
  1048 | D:1      | Gained mutation: You occasionally shout uncontrollably at
                  | your foes. [potion of mutation]
  1048 | D:1      | Gained mutation: Your magical capacity is low. (-10% MP)
                  | [potion of mutation]
  1049 | D:1      | 1049 ||| DRINKING 3 golden potions.
  1071 | D:2      | 1071 ||| STAIRDANCE
  1098 | D:2      | 1098 ||| Stepping ~*~*~tactically~*~*~ (stealth).
  1295 | D:2      | 1295 ||| Stepping ~*~*~tactically~*~*~ (stealth).
  1309 | D:2      | Reached XP level 4. HP: 28/28 MP: 3/3
  1322 | D:2      | Noticed Natasha
  1326 | D:2      | Killed Natasha
  1327 | D:2      | Reached skill level 4 in Axes
  1381 | D:2      | Noticed Natasha
  1389 | D:2      | Killed Natasha
  1534 | D:2      | Noticed Natasha
  1541 | D:2      | Killed Natasha
  1542 | D:2      | Reached XP level 5. HP: 32/32 MP: 4/4
  1625 | D:2      | Found a faded altar of an unknown god.
  1729 | D:2      | Found a runed translucent door.
  1730 | D:2      | Noticed Crazy Yiuf
  1734 | D:2      | 1734 ||| DROPPING +0 whip.
  1799 | D:2      | 1799 ||| UPGRADING to +0 pair of boots.
  1804 | D:2      | 1804 ||| READING scroll labelled FEFINAE POCW.
  1805 | D:2      | 1805 ||| DRINKING 2 smoky blue potions.
  1902 | D:3      | 1902 ||| READING scroll of enchant armour.
  1902 | D:3      | 1902 ||| ENCHANTING +0 pair of boots.
  1978 | D:3      | 1978 ||| FLEEEEING.
  1979 | D:3      | 1979 ||| FLEEEEING.
  1989 | D:3      | Reached skill level 5 in Axes
  2002 | D:3      | 2002 ||| Stepping ~*~*~tactically~*~*~ (hiding).
  2033 | D:3      | Noticed Grinder
  2034 | D:3      | Paralysed by Grinder for 2 turns
  2044 | D:3      | 2044 ||| Stepping ~*~*~tactically~*~*~ (hiding).
  2051 | D:3      | Killed Grinder
  2052 | D:3      | Reached XP level 6. HP: 41/41 MP: 5/5
  2153 | D:3      | Noticed Sigmund
  2163 | D:3      | Killed Sigmund
  2164 | D:3      | Reached XP level 7. HP: 19/45 MP: 6/6
  2273 | D:3      | 2273 ||| Stepping ~*~*~tactically~*~*~ (stealth).
  2274 | D:3      | 2274 ||| DROPPING +2 hammer of holy wrath.
  2276 | D:3      | 2276 ||| Stepping ~*~*~tactically~*~*~ (hiding).
  2277 | D:3      | 2277 ||| Stepping ~*~*~tactically~*~*~ (hiding).
  2298 | D:3      | 2298 ||| FLEEEEING.
  2300 | D:3      | 2300 ||| Stepping ~*~*~tactically~*~*~ (stealth).
  2301 | D:3      | 2301 ||| Stepping ~*~*~tactically~*~*~ (stealth).
  2344 | D:3      | 2344 ||| Stepping ~*~*~tactically~*~*~ (stealth).
  2374 | D:3      | 2374 ||| UPGRADING to +3 scale mail.
  2384 | D:3      | 2384 ||| DROPPING +0 scale mail.
  2385 | D:3      | 2385 ||| UPGRADING to +1 hat.
  2390 | D:3      | 2390 ||| READING scroll labelled IDOEWI URIMAM.
  2391 | D:3      | 2391 ||| READING 2 scrolls of identify.
  2391 | D:3      | 2391 ||| IDENTIFYING yellow potion
  2553 | D:4      | 2553 ||| Stepping ~*~*~tactically~*~*~ (stealth).
  2555 | D:4      | 2555 ||| Stepping ~*~*~tactically~*~*~ (hiding).
  2840 | D:4      | 2840 ||| Stepping ~*~*~tactically~*~*~ (stealth).
  2855 | D:4      | 2855 ||| Stepping ~*~*~tactically~*~*~ (stealth).
  2865 | D:4      | Found an iron altar of Okawaru.
  2866 | D:4      | 2866 ||| PLANNING OKAWARU WORSHIP
  2866 | D:4      | 2866 ||| UPGRADING to +0 cloak.
  2871 | D:4      | 2871 ||| READING scroll labelled HIGETSIUGH.
  2872 | D:4      | 2872 ||| READING 2 scrolls labelled MOSSEYR WOBI.
  2873 | D:4      | 2873 ||| READING 2 scrolls labelled DIUMEX HIRAGOJ.
  2877 | D:4      | 2877 ||| READING scroll labelled LILEUC VAODGH.
  2878 | D:4      | 2878 ||| DRINKING 2 sedimented golden potions.
  2879 | D:4      | 2879 ||| READING 3 scrolls of identify.
  2879 | D:4      | 2879 ||| IDENTIFYING coppery potion
  2880 | D:4      | 2880 ||| DROPPING scroll of fear.
  2881 | D:4      | 2881 ||| DROPPING potion of brilliance.
  2921 | D:4      | Became a worshipper of Warmaster Okawaru
  2922 | D:4      | 2922 ||| PLANNING D:1-11
  3144 | D:5      | Entered Level 5 of the Dungeon
  3151 | D:5      | Reached skill level 6 in Axes
  3282 | D:5      | Reached XP level 8. HP: 51/51 MP: 7/7
  3289 | D:5      | 3289 ||| Stepping ~*~*~tactically~*~*~ (stealth).
  3344 | D:5      | Reached skill level 7 in Axes
  3442 | D:5      | 3442 ||| DROPPING +0 flail.
  3471 | D:5      | 3471 ||| Stepping ~*~*~tactically~*~*~ (hiding).
  3740 | D:5      | 3740 ||| UPGRADING to +0 helmet.
  3750 | D:5      | 3750 ||| DROPPING +1 hat.
  3751 | D:5      | 3751 ||| READING scroll labelled ZYDI ADAIDDOGE.
  3752 | D:5      | 3752 ||| READING scroll labelled LAPAIS ERENT.
  3753 | D:5      | 3753 ||| DRINKING 2 white potions.
  3854 | D:5      | 3854 ||| READING 5 scrolls of identify.
  3854 | D:5      | 3854 ||| IDENTIFYING pink potion
  3855 | D:5      | 3855 ||| DROPPING potion of degeneration.
  3856 | D:5      | 3856 ||| DROPPING potion of ambrosia.
  3918 | D:6      | Noticed a shadow
  3919 | D:6      | Noticed a boulder beetle
  3926 | D:6      | Reached * piety under Okawaru
  3927 | D:6      | 3927 ||| INVOKING Heroism.
  3931 | D:6      | Reached skill level 8 in Axes
  3934 | D:6      | Reached skill level 6 in Fighting
  3936 | D:6      | Reached skill level 1 in Invocations
  3939 | D:6      | 3939 ||| INVOKING Heroism.
  3940 | D:6      | HP: 5/51 [something (10)]
  3941 | D:6      | 3941 ||| READING scroll of teleportation.
  3942 | D:6      | 3942 ||| DRINKING potion of heal wounds.
  3945 | D:6      | HP: 7/51 [something (20)]
  3946 | D:6      | Found a runed translucent door.
  3946 | D:6      | Noticed qw's ghost (novice GrFi)
  3955 | D:6      | 3955 ||| INVOKING Heroism.
  4044 | D:6      | 4044 ||| Stepping ~*~*~tactically~*~*~ (hiding).
  4060 | D:6      | 4060 ||| DRINKING 6 potions of curing.
  4060 | D:6      | 4060 ||| (to cure confusion)
  4067 | D:6      | Reached XP level 9. HP: 48/55 MP: 8/9
  4129 | D:6      | 4129 ||| Stepping randomly (stuck).
  4130 | D:6      | 4130 ||| Stepping randomly (stuck).
  4131 | D:6      | 4131 ||| Stepping randomly (stuck).
  4132 | D:6      | 4132 ||| INVOKING Heroism.
  4151 | D:6      | 4151 ||| INVOKING Heroism.
  4169 | D:6      | 4169 ||| INVOKING Heroism.
  4171 | D:6      | Killed a boulder beetle
  4171 | D:6      | Reached ** piety under Okawaru
  4172 | D:6      | Reached skill level 9 in Axes
  4191 | D:6      | 4191 ||| Stepping ~*~*~tactically~*~*~ (stealth).
  4229 | D:6      | 4229 ||| Stepping ~*~*~tactically~*~*~ (stealth).
  4244 | D:6      | 4244 ||| INVOKING Heroism.
  4250 | D:6      | 4250 ||| Stepping ~*~*~tactically~*~*~ (stealth).
  4254 | D:6      | 4254 ||| Stepping ~*~*~tactically~*~*~ (stealth).
  4270 | D:6      | 4270 ||| Stepping ~*~*~tactically~*~*~ (stealth).
  4271 | D:6      | 4271 ||| Stepping ~*~*~tactically~*~*~ (stealth).
  4272 | D:6      | 4272 ||| Stepping ~*~*~tactically~*~*~ (stealth).
  4273 | D:6      | 4273 ||| Stepping ~*~*~tactically~*~*~ (stealth).
  4275 | D:6      | 4275 ||| Stepping ~*~*~tactically~*~*~ (stealth).
  4276 | D:6      | 4276 ||| Stepping ~*~*~tactically~*~*~ (stealth).
  4277 | D:6      | 4277 ||| Stepping ~*~*~tactically~*~*~ (stealth).
  4278 | D:6      | 4278 ||| Stepping ~*~*~tactically~*~*~ (stealth).
  4290 | D:6      | 4290 ||| INVOKING Heroism.
  4381 | D:6      | 4381 ||| INVOKING Heroism.
  4741 | D:6      | 4741 ||| READING scroll labelled EDEITU KETYRE.
  4742 | D:6      | 4742 ||| DRINKING 2 metallic sapphire potions.
  4875 | D:7      | Found a basalt altar of Yredelemnul.
  4889 | D:7      | 4889 ||| Stepping ~*~*~tactically~*~*~ (stealth).
  4891 | D:7      | 4891 ||| INVOKING Heroism.
  4979 | D:7      | 4979 ||| INVOKING Heroism.
  4991 | D:7      | Reached XP level 10. HP: 51/63 MP: 10/12
  5011 | D:7      | Noticed Joseph
  5025 | D:7      | Killed Joseph
  5025 | D:7      | Reached *** piety under Okawaru
  5026 | D:7      | Reached skill level 10 in Axes
  5061 | D:7      | Found a staircase to the Ecumenical Temple.
  5073 | D:7      | 5073 ||| INVOKING Heroism.
  5212 | D:7      | Found Liolovya's Armour Boutique.
  5266 | D:7      | Found a glowing silver altar of Zin.
  5272 | D:7      | 5272 ||| Stepping ~*~*~tactically~*~*~ (hiding).
  5273 | D:7      | 5273 ||| Stepping ~*~*~tactically~*~*~ (hiding).
  5436 | D:7      | 5436 ||| Stepping ~*~*~tactically~*~*~ (stealth).
  5438 | D:7      | 5438 ||| Stepping ~*~*~tactically~*~*~ (hiding).
  5556 | D:7      | Found a bloodstained altar of Trog.
  5556 | D:7      | Found a snail-covered altar of Cheibriados.
  5561 | D:7      | 5561 ||| UPGRADING to +0 chain mail.
  5571 | D:7      | 5571 ||| DROPPING +3 scale mail.
  5572 | D:7      | 5572 ||| UPGRADING to +4 ring of protection.
  5664 | D:8      | Found Xuirgh's Book Shop.
  5671 | D:8      | 5671 ||| READING scroll labelled GOXKIT XIOWKU.
  5741 | D:7      | 5741 ||| BUYING +0 scale mail of cold resistance (121
                  | gold).
  5741 | D:7      | Bought a +0 scale mail of cold resistance for 121 gold
                  | pieces
  5741 | D:7      | 5741 ||| BUYING +1 cloak of willpower (181 gold).
  5741 | D:7      | Bought a +1 cloak of willpower for 181 gold pieces
  5741 | D:7      | 5741 ||| SHOPLISTING +1 scale mail of fire resistance (176
                  | gold, have 91).
  5741 | D:7      | 5741 ||| SHOPLISTING +3 chain mail of poison resistance
                  | (258 gold, have 91).
  5741 | D:7      | 5741 ||| UPGRADING to +1 cloak of willpower.
  5751 | D:7      | 5751 ||| DROPPING +0 cloak.
  5759 | D:8      | 5759 ||| INVOKING Heroism.
  5760 | D:8      | 5760 ||| Stepping ~*~*~tactically~*~*~ (hiding).
  5761 | D:8      | 5761 ||| STAIRDANCE
  5778 | D:8      | 5778 ||| STAIRDANCE
  5781 | D:7      | 5781 ||| INVOKING Heroism.
  5799 | D:7      | 5799 ||| DROPPING +0 scale mail of cold resistance.
  5800 | D:7      | 5800 ||| UPGRADING to +0 plate armour.
  5810 | D:7      | 5810 ||| DROPPING +0 chain mail.
  5926 | D:8      | Noticed a two-headed ogre
  5927 | D:8      | 5927 ||| INVOKING Heroism.
  5942 | D:8      | Killed a two-headed ogre
  5943 | D:8      | Reached skill level 6 in Armour
  6006 | D:8      | 6006 ||| READING scroll of enchant weapon.
  6006 | D:8      | 6006 ||| ENCHANTING +1 war axe.
  6092 | D:8      | 6092 ||| Stepping ~*~*~tactically~*~*~ (stealth).
  6125 | D:8      | 6125 ||| DRINKING 2 sedimented amethyst potions.
  6230 | D:8      | 6230 ||| DROPPING potion of berserk rage.
  6279 | D:9      | 6279 ||| Stepping ~*~*~tactically~*~*~ (hiding).
  6321 | D:9      | Reached **** piety under Okawaru
  6338 | D:9      | 6338 ||| Stepping ~*~*~tactically~*~*~ (stealth).
  6340 | D:9      | 6340 ||| Stepping ~*~*~tactically~*~*~ (stealth).
  6369 | D:9      | 6369 ||| INVOKING Heroism.
  6374 | D:9      | 6374 ||| Stepping ~*~*~tactically~*~*~ (hiding).
  6551 | D:9      | Noticed Maurice
  6553 | D:9      | 6553 ||| INVOKING Heroism.
  6573 | D:9      | Killed Maurice
  6614 | D:9      | Found a sacrificial altar of Ru.
  6754 | D:10     | Entered Level 10 of the Dungeon
  6766 | D:10     | 6766 ||| FLEEEEING.
  6767 | D:10     | 6767 ||| STAIRDANCE
  6871 | D:10     | 6871 ||| STAIRDANCE
  6873 | D:9      | 6873 ||| INVOKING Heroism.
  6887 | D:9      | Reached skill level 6 in Invocations
  6887 | D:9      | Reached XP level 11. HP: 58/68 MP: 12/14
  6900 | D:10     | 6900 ||| STAIRDANCE
  6909 | D:9      | Reached skill level 11 in Axes
  6911 | D:10     | 6911 ||| STAIRDANCE
  6923 | D:10     | 6923 ||| STAIRDANCE
  6948 | D:10     | 6948 ||| STAIRDANCE
  6957 | D:9      | Reached ***** piety under Okawaru
  6962 | D:10     | 6962 ||| STAIRDANCE
  7047 | D:10     | 7047 ||| Stepping ~*~*~tactically~*~*~ (stealth).
  7050 | D:10     | 7050 ||| INVOKING Heroism.
  7063 | D:10     | 7063 ||| FLEEEEING.
  7064 | D:10     | 7064 ||| FLEEEEING.
  7066 | D:10     | 7066 ||| FLEEEEING.
  7130 | D:10     | Found a staircase to the Lair.
  7131 | D:10     | 7131 ||| INVOKING Heroism.
  7199 | D:10     | 7199 ||| Stepping ~*~*~tactically~*~*~ (stealth).
  7201 | D:10     | 7201 ||| Stepping ~*~*~tactically~*~*~ (stealth).
  7206 | D:10     | 7206 ||| INVOKING Heroism.
  7638 | D:10     | Found Ciqeff's Antique Armour Boutique.
  7639 | D:10     | Found Deney's Antique Weapon Emporium.
  7652 | D:10     | 7652 ||| BUYING runed war axe (117 gold).
  7652 | D:10     | Bought a runed war axe for 117 gold pieces
  7652 | D:10     | 7652 ||| DROPPING +0 vorpal war axe.
  7661 | D:10     | 7661 ||| Stepping ~*~*~tactically~*~*~ (hiding).
  7822 | D:10     | Found a burning altar of Makhleb.
  7822 | D:10     | Found a blossoming altar of Fedhas.
  7822 | D:10     | Found an ornate altar of the Wu Jian Council.
  7891 | D:10     | 7891 ||| PLANNING LAIR
  7891 | D:10     | 7891 ||| UPGRADING to ring of positive energy.
  7892 | D:10     | 7892 ||| READING scroll labelled WUOSOWADOIB.
  7893 | D:10     | 7893 ||| READING scroll labelled ONOYLI WAMUICK.
  7893 | D:10     | Identified a scroll of acquirement
  7893 | D:10     | 7893 ||| ACQUIRING ring "Erehumaa" {rF- Will+ Str+4 Slay+4}
  7893 | D:10     | Acquired the ring "Erehumaa" {rF- Will+ Str+4 Slay+4}
  7895 | D:10     | 7895 ||| UPGRADING to ring "Erehumaa" {rF- Will+ Str+4
                  | Slay+4}.
  7897 | D:10     | 7897 ||| UPGRADING to +4 ring of protection.
  7899 | D:10     | 7899 ||| READING 18 scrolls of identify.
  7899 | D:10     | 7899 ||| IDENTIFYING blue potion
  7935 | Lair:1   | Entered Level 1 of the Lair of Beasts
  7937 | Lair:1   | 7937 ||| Stepping ~*~*~tactically~*~*~ (stealth).
  7960 | Lair:1   | 7960 ||| Stepping ~*~*~tactically~*~*~ (stealth).
  7963 | Lair:1   | 7963 ||| Stepping ~*~*~tactically~*~*~ (stealth).
  7978 | Lair:1   | 7978 ||| Stepping ~*~*~tactically~*~*~ (stealth).
  7983 | Lair:1   | 7983 ||| INVOKING Heroism.
  7989 | Lair:1   | 7989 ||| Stepping ~*~*~tactically~*~*~ (stealth).
  8020 | Lair:1   | 8020 ||| INVOKING Heroism.
  8026 | Lair:1   | Reached skill level 9 in Fighting
  8069 | Lair:1   | 8069 ||| INVOKING Heroism.
  8079 | Lair:1   | Reached skill level 9 in Invocations
  8180 | Lair:1   | 8180 ||| INVOKING Heroism.
  8185 | Lair:1   | Received a gift from Okawaru
  8227 | Lair:1   | Noticed a catoblepas
  8227 | Lair:1   | Noticed a catoblepas
  8247 | Lair:1   | Found a runed translucent door.
  8307 | Lair:1   | 8307 ||| INVOKING Heroism.
  8557 | Lair:1   | 8557 ||| SWAPPING to +0 vorpal broad axe.
  8558 | Lair:1   | 8558 ||| DROPPING +2 war axe.
  8595 | Lair:1   | 8595 ||| Stepping ~*~*~tactically~*~*~ (stealth).
  8600 | Lair:1   | 8600 ||| Stepping ~*~*~tactically~*~*~ (stealth).
  8601 | Lair:1   | 8601 ||| Stepping ~*~*~tactically~*~*~ (stealth).
  8614 | Lair:1   | Noticed a catoblepas
  8615 | Lair:1   | 8615 ||| INVOKING Heroism.
  8616 | Lair:1   | 8616 ||| INVOKING Finesse.
  8628 | Lair:1   | Identified the +10 battleaxe "Pogosmek" {freeze, rF+ rCorr
                  | MP+9} (Okawaru gifted it to you on level 1 of the Lair of
                  | Beasts)
  8628 | Lair:1   | Received a gift from Okawaru
  8630 | Lair:1   | Killed a catoblepas
  8631 | Lair:1   | Reached XP level 12. HP: 66/76 MP: 10/17
  9002 | Lair:1   | 9002 ||| DROPPING +2 cloak.
  9003 | Lair:1   | 9003 ||| READING 18 scrolls of identify.
  9003 | Lair:1   | 9003 ||| IDENTIFYING fuming coppery potion
  9084 | Lair:2   | 9084 ||| INVOKING Heroism.
  9091 | Lair:2   | Reached skill level 1 in Throwing
  9125 | Lair:2   | 9125 ||| INVOKING Heroism.
  9195 | Lair:2   | 9195 ||| INVOKING Heroism.
  9201 | Lair:2   | Reached skill level 3 in Throwing
  9274 | Lair:2   | Reached skill level 12 in Axes
  9299 | Lair:2   | Found a frozen archway.
  9367 | Lair:2   | 9367 ||| Stepping ~*~*~tactically~*~*~ (stealth).
  9371 | Lair:2   | 9371 ||| INVOKING Heroism.
  9451 | Lair:2   | 9451 ||| INVOKING Heroism.
  9464 | Lair:2   | Reached skill level 9 in Armour
  9470 | Lair:2   | Reached skill level 6 in Shields
  9481 | Lair:2   | 9481 ||| Stepping ~*~*~tactically~*~*~ (hiding).
  9484 | Lair:2   | 9484 ||| Stepping ~*~*~tactically~*~*~ (hiding).
  9487 | Lair:2   | 9487 ||| Stepping ~*~*~tactically~*~*~ (hiding).
  9489 | Lair:2   | 9489 ||| Stepping ~*~*~tactically~*~*~ (hiding).
  9517 | Lair:2   | 9517 ||| Stepping ~*~*~tactically~*~*~ (hiding).
  9520 | Lair:2   | 9520 ||| Stepping ~*~*~tactically~*~*~ (hiding).
  9573 | Lair:2   | 9573 ||| Stepping ~*~*~tactically~*~*~ (hiding).
  9579 | Lair:2   | 9579 ||| INVOKING Heroism.
  9583 | Lair:2   | Received a gift from Okawaru
  9612 | Lair:2   | Found a staircase to the Snake Pit.
  9674 | Lair:2   | 9674 ||| INVOKING Heroism.
  9675 | Lair:2   | Found a staircase to the Shoals.
  9961 | Lair:2   | 9961 ||| Stepping ~*~*~tactically~*~*~ (stealth).
  9965 | Lair:2   | 9965 ||| Stepping ~*~*~tactically~*~*~ (stealth).
  9970 | Lair:2   | 9970 ||| INVOKING Heroism.
 10077 | Lair:2   | 10077 ||| DROPPING ring of positive energy.
 10078 | Lair:2   | 10078 ||| READING scroll labelled TERAAG TEANYWE.
 10193 | Lair:3   | Noticed a five-headed hydra
 10194 | Lair:3   | 10194 ||| INVOKING Heroism.
 10195 | Lair:3   | 10195 ||| SWAPPING to +0 hand axe of flaming.
 10204 | Lair:3   | Killed a one-headed hydra
 10204 | Lair:3   | Reached ****** piety under Okawaru
 10205 | Lair:3   | 10205 ||| SWAPPING to +0 vorpal broad axe.
 10207 | Lair:3   | Reached skill level 13 in Axes
 10232 | Lair:3   | Noticed a seven-headed hydra
 10233 | Lair:3   | 10233 ||| INVOKING Finesse.
 10239 | Lair:3   | 10239 ||| SWAPPING to +0 hand axe of flaming.
 10240 | Lair:3   | Noticed a catoblepas
 10242 | Lair:3   | 10242 ||| Stepping ~*~*~tactically~*~*~ (hiding).
 10244 | Lair:3   | Reached XP level 13. HP: 78/82 MP: 13/18
 10248 | Lair:3   | Received a gift from Okawaru
 10249 | Lair:3   | 10249 ||| SWAPPING to +0 vorpal broad axe.
 10317 | Lair:3   | 10317 ||| INVOKING Heroism.
 10320 | Lair:3   | Identified the +8 storm dragon scales "Xeih" {rElec Regen+
                  | Dex+3} (Okawaru gifted it to you on level 3 of the Lair of
                  | Beasts)
 10320 | Lair:3   | Received a gift from Okawaru
 10457 | Lair:3   | 10457 ||| INVOKING Heroism.
 10542 | Lair:3   | 10542 ||| Stepping ~*~*~tactically~*~*~ (stealth).
 10544 | Lair:3   | 10544 ||| Stepping ~*~*~tactically~*~*~ (stealth).
 10546 | Lair:3   | 10546 ||| INVOKING Heroism.
 10814 | Lair:3   | 10814 ||| Stepping ~*~*~tactically~*~*~ (stealth).
 10816 | Lair:3   | 10816 ||| INVOKING Heroism.
 10823 | Lair:3   | Reached skill level 14 in Axes
 10921 | Lair:3   | 10921 ||| UPGRADING to +8 storm dragon scales "Xeih" {rElec
                  | Regen+ Dex+3}.
 10931 | Lair:3   | 10931 ||| DROPPING +0 plate armour.
 10932 | Lair:3   | 10932 ||| DROPPING +2 hat.
 11048 | Lair:4   | Reached skill level 3 in Dodging
 11177 | Lair:4   | 11177 ||| INVOKING Heroism.
 11212 | Lair:4   | 11212 ||| Stepping ~*~*~tactically~*~*~ (stealth).
 11215 | Lair:4   | 11215 ||| Stepping ~*~*~tactically~*~*~ (stealth).
 11278 | Lair:4   | 11278 ||| Stepping ~*~*~tactically~*~*~ (stealth).
 11279 | Lair:4   | 11279 ||| Stepping ~*~*~tactically~*~*~ (stealth).
 11281 | Lair:4   | 11281 ||| INVOKING Heroism.
 11375 | Lair:4   | 11375 ||| INVOKING Heroism.
 11405 | Lair:4   | 11405 ||| INVOKING Heroism.
 11428 | Lair:4   | Received a gift from Okawaru
 11484 | Lair:4   | 11484 ||| INVOKING Heroism.
 11762 | Lair:4   | 11762 ||| Stepping ~*~*~tactically~*~*~ (stealth).
 11771 | Lair:4   | Gained mutation: Your large and strong wings let you fly.
                  | [Gargoyle growth]
 11771 | Lair:4   | Reached XP level 14. HP: 90/90 MP: 19/19
 11804 | Lair:4   | 11804 ||| Stepping ~*~*~tactically~*~*~ (stealth).
 11945 | Lair:4   | 11945 ||| READING scroll labelled UNWIOG ALOZOABB.
 11979 | Lair:5   | Entered Level 5 of the Lair of Beasts
 11980 | Lair:5   | 11980 ||| STAIRDANCE
 11985 | Lair:4   | Reached skill level 15 in Axes
 11988 | Lair:5   | 11988 ||| STAIRDANCE
 11990 | Lair:4   | 11990 ||| INVOKING Heroism.
 11991 | Lair:4   | 11991 ||| INVOKING Finesse.
 12041 | Lair:5   | 12041 ||| INVOKING Heroism.
 12042 | Lair:5   | 12042 ||| STAIRDANCE
 12044 | Lair:4   | 12044 ||| INVOKING Finesse.
 12052 | Lair:4   | Identified the +4 chain mail of Zitipric {rF+ Stlth+}
                  | (Okawaru gifted it to you on level 4 of the Lair of Beasts)
 12052 | Lair:4   | Received a gift from Okawaru
 12136 | Lair:5   | Found a staircase to the Slime Pits.
 12137 | Lair:5   | 12137 ||| INVOKING Heroism.
 12236 | Lair:5   | 12236 ||| INVOKING Heroism.
 12237 | Lair:5   | 12237 ||| INVOKING Finesse.
 12240 | Lair:5   | 12240 ||| SWAPPING to +0 hand axe of flaming.
 12250 | Lair:5   | Reached skill level 12 in Fighting
 12250 | Lair:5   | 12250 ||| SWAPPING to +0 vorpal broad axe.
 12252 | Lair:5   | 12252 ||| SWAPPING to +0 hand axe of flaming.
 12260 | Lair:5   | 12260 ||| SWAPPING to +0 vorpal broad axe.
 12438 | Lair:5   | 12438 ||| Stepping ~*~*~tactically~*~*~ (hiding).
 12458 | Lair:5   | 12458 ||| Stepping ~*~*~tactically~*~*~ (stealth).
 12463 | Lair:5   | 12463 ||| Stepping ~*~*~tactically~*~*~ (stealth).
 12467 | Lair:5   | 12467 ||| Stepping ~*~*~tactically~*~*~ (stealth).
 12470 | Lair:5   | 12470 ||| INVOKING Heroism.
 12507 | Lair:5   | 12507 ||| Stepping ~*~*~tactically~*~*~ (stealth).
 12515 | Lair:5   | 12515 ||| Stepping ~*~*~tactically~*~*~ (stealth).
 12538 | Lair:5   | 12538 ||| Stepping ~*~*~tactically~*~*~ (stealth).
 12543 | Lair:5   | 12543 ||| Stepping ~*~*~tactically~*~*~ (stealth).
 12546 | Lair:5   | 12546 ||| INVOKING Heroism.
 12547 | Lair:5   | 12547 ||| INVOKING Finesse.
 12602 | Lair:5   | Identified the +5 ring mail "Uziogac" {rC++}
 12647 | Lair:5   | 12647 ||| Stepping ~*~*~tactically~*~*~ (stealth).
 12838 | Lair:5   | 12838 ||| PLANNING D:1-11
 12838 | Lair:5   | 12838 ||| DRINKING 2 emerald potions.
 12839 | Lair:5   | 12839 ||| DROPPING potion of flight.
 12961 | D:11     | 12961 ||| INVOKING Heroism.
 12966 | D:11     | 12966 ||| READING 6 scrolls of teleportation.
 13084 | D:11     | 13084 ||| READING scroll of enchant weapon.
 13084 | D:11     | 13084 ||| ENCHANTING +0 vorpal broad axe.
 13148 | D:11     | 13148 ||| Stepping ~*~*~tactically~*~*~ (stealth).
 13150 | D:11     | 13150 ||| Stepping ~*~*~tactically~*~*~ (stealth).
 13151 | D:11     | 13151 ||| Stepping ~*~*~tactically~*~*~ (stealth).
 13152 | D:11     | 13152 ||| Stepping ~*~*~tactically~*~*~ (stealth).
 13211 | D:11     | 13211 ||| Stepping ~*~*~tactically~*~*~ (stealth).
 13214 | D:11     | 13214 ||| Stepping ~*~*~tactically~*~*~ (stealth).
 13224 | D:11     | 13224 ||| INVOKING Heroism.
 13254 | D:11     | 13254 ||| Stepping ~*~*~tactically~*~*~ (stealth).
 13255 | D:11     | 13255 ||| Stepping ~*~*~tactically~*~*~ (stealth).
 13256 | D:11     | 13256 ||| Stepping ~*~*~tactically~*~*~ (stealth).
 13273 | D:11     | 13273 ||| Stepping ~*~*~tactically~*~*~ (hiding).
 13275 | D:11     | 13275 ||| Stepping ~*~*~tactically~*~*~ (hiding).
 13293 | D:11     | 13293 ||| Stepping ~*~*~tactically~*~*~ (stealth).
 13296 | D:11     | 13296 ||| Stepping ~*~*~tactically~*~*~ (stealth).
 13299 | D:11     | 13299 ||| Stepping ~*~*~tactically~*~*~ (stealth).
 13315 | D:11     | 13315 ||| Stepping ~*~*~tactically~*~*~ (stealth).
 13336 | D:11     | Found a staircase to the Orcish Mines.
 13338 | D:11     | 13338 ||| Stepping ~*~*~tactically~*~*~ (stealth).
 13351 | D:11     | 13351 ||| Stepping ~*~*~tactically~*~*~ (stealth).
 13363 | D:11     | 13363 ||| Stepping ~*~*~tactically~*~*~ (stealth).
 13696 | D:11     | 13696 ||| INVOKING Heroism.
 13697 | D:11     | 13697 ||| INVOKING Finesse.
 13709 | D:11     | 13709 ||| Stepping ~*~*~tactically~*~*~ (stealth).
 13711 | D:11     | 13711 ||| Stepping ~*~*~tactically~*~*~ (hiding).
 13837 | D:11     | 13837 ||| PLANNING D
 13881 | D:12     | 13881 ||| STAIRDANCE
 13883 | D:11     | 13883 ||| INVOKING Heroism.
 13884 | D:11     | 13884 ||| INVOKING Finesse.
 13932 | D:12     | 13932 ||| STAIRDANCE
 13934 | D:11     | 13934 ||| INVOKING Heroism.
 13935 | D:11     | 13935 ||| INVOKING Finesse.
 13980 | D:12     | 13980 ||| STAIRDANCE
 13984 | D:12     | 13984 ||| STAIRDANCE
 13986 | D:11     | 13986 ||| INVOKING Heroism.
 13987 | D:11     | 13987 ||| INVOKING Finesse.
 14136 | D:12     | 14136 ||| INVOKING Heroism.
 14137 | D:12     | 14137 ||| INVOKING Finesse.
 14262 | D:12     | 14262 ||| Stepping ~*~*~tactically~*~*~ (stealth).
 14320 | D:12     | 14320 ||| FLEEEEING.
 14321 | D:12     | 14321 ||| FLEEEEING.
 14360 | D:12     | 14360 ||| Stepping ~*~*~tactically~*~*~ (hiding).
 14365 | D:12     | 14365 ||| INVOKING Heroism.
 14394 | D:12     | 14394 ||| READING scroll of enchant armour.
 14394 | D:12     | 14394 ||| ENCHANTING +0 helmet.
 14846 | D:12     | 14846 ||| INVOKING Heroism.
 15024 | D:12     | 15024 ||| UPGRADING to +0 pair of gloves.
 15094 | D:13     | Noticed Jorgrun
 15095 | D:13     | 15095 ||| INVOKING Heroism.
 15096 | D:13     | 15096 ||| INVOKING Finesse.
 15106 | D:13     | Killed Jorgrun
 15180 | D:13     | Reached skill level 16 in Axes
 15191 | D:13     | 15191 ||| INVOKING Heroism.
 15192 | D:13     | 15192 ||| INVOKING Finesse.
 15193 | D:13     | 15193 ||| SWAPPING to +0 hand axe of flaming.
 15202 | D:13     | 15202 ||| SWAPPING to +1 vorpal broad axe.
 15483 | D:13     | Received a gift from Okawaru
 15846 | D:13     | 15846 ||| Stepping ~*~*~tactically~*~*~ (hiding).
 15848 | D:13     | 15848 ||| Stepping ~*~*~tactically~*~*~ (hiding).
 15849 | D:13     | 15849 ||| Stepping ~*~*~tactically~*~*~ (hiding).
 15854 | D:13     | 15854 ||| INVOKING Heroism.
 15864 | D:13     | Reached XP level 15. HP: 96/96 MP: 18/20
 15866 | D:13     | 15866 ||| INVOKING Finesse.
 15882 | D:13     | Received a gift from Okawaru
 15891 | D:13     | 15891 ||| SWAPPING to +0 hand axe of flaming.
 15899 | D:13     | 15899 ||| SWAPPING to +1 vorpal broad axe.
 16315 | D:14     | Noticed Rupert
 16315 | D:14     | Noticed Urug
 16315 | D:14     | Found a gate to the Vaults.
 16316 | D:14     | 16316 ||| INVOKING Heroism.
 16317 | D:14     | 16317 ||| STAIRDANCE
 16330 | D:14     | 16330 ||| STAIRDANCE
 16332 | D:13     | 16332 ||| INVOKING Finesse.
 16339 | D:13     | Reached skill level 12 in Armour
 16343 | D:13     | Killed Rupert
 16343 | D:13     | Received a gift from Okawaru
 16374 | D:14     | 16374 ||| STAIRDANCE
 16376 | D:13     | 16376 ||| INVOKING Heroism.
 16397 | D:14     | 16397 ||| STAIRDANCE
 16413 | D:14     | 16413 ||| INVOKING Finesse.
 16420 | D:14     | Killed Urug
 16420 | D:14     | Received a gift from Okawaru
 16516 | D:14     | 16516 ||| INVOKING Heroism.
 16519 | D:14     | 16519 ||| READING 7 scrolls of teleportation.
 16591 | D:14     | Found Cipt's Distillery.
 16595 | D:14     | 16595 ||| Stepping ~*~*~tactically~*~*~ (stealth).
 16605 | D:14     | 16605 ||| BUYING 2 potions of heal wounds (160 gold).
 16605 | D:14     | Bought 2 potions of heal wounds for 160 gold pieces
 16605 | D:14     | 16605 ||| BUYING potion of curing (48 gold).
 16605 | D:14     | Bought a potion of curing for 48 gold pieces
 16605 | D:14     | 16605 ||| BUYING potion of curing (48 gold).
 16605 | D:14     | Bought a potion of curing for 48 gold pieces
 16605 | D:14     | 16605 ||| BUYING potion of haste (160 gold).
 16605 | D:14     | Bought a potion of haste for 160 gold pieces
 16605 | D:14     | 16605 ||| BUYING potion of heal wounds (80 gold).
 16605 | D:14     | Bought a potion of heal wounds for 80 gold pieces
 16605 | D:14     | 16605 ||| BUYING potion of lignification (48 gold).
 16605 | D:14     | Bought a potion of lignification for 48 gold pieces
 16605 | D:14     | 16605 ||| BUYING potion of mutation (128 gold).
 16605 | D:14     | Bought a potion of mutation for 128 gold pieces
 16828 | D:14     | 16828 ||| Stepping ~*~*~tactically~*~*~ (stealth).
 16918 | D:14     | 16918 ||| Stepping ~*~*~tactically~*~*~ (stealth).
 17074 | D:14     | 17074 ||| Stepping ~*~*~tactically~*~*~ (hiding).
 17196 | D:14     | 17196 ||| INVOKING Heroism.
 17197 | D:14     | 17197 ||| SWAPPING to +0 hand axe of flaming.
 17202 | D:14     | 17202 ||| SWAPPING to +1 vorpal broad axe.
 17277 | D:14     | 17277 ||| INVOKING Heroism.
 17289 | D:14     | Identified the +1 hat of the Grue {*Corrode Str+2 Dex+2}
                  | (Okawaru gifted it to you on level 14 of the Dungeon)
 17289 | D:14     | Received a gift from Okawaru
 17296 | D:14     | Reached skill level 17 in Axes
 17459 | D:14     | 17459 ||| INVOKING Heroism.
 17702 | D:14     | 17702 ||| DROPPING scarf of repulsion.
 17703 | D:14     | 17703 ||| DROPPING +1 hat of the Grue {*Corrode Str+2
                  | Dex+2}.
 17724 | D:15     | Entered Level 15 of the Dungeon
 17735 | D:15     | 17735 ||| Stepping ~*~*~tactically~*~*~ (stealth).
 17739 | D:15     | 17739 ||| Stepping ~*~*~tactically~*~*~ (stealth).
 17748 | D:15     | 17748 ||| Stepping ~*~*~tactically~*~*~ (stealth).
 17749 | D:15     | 17749 ||| Stepping ~*~*~tactically~*~*~ (stealth).
 17750 | D:15     | 17750 ||| Stepping ~*~*~tactically~*~*~ (stealth).
 17879 | D:15     | 17879 ||| Stepping ~*~*~tactically~*~*~ (hiding).
 17880 | D:15     | 17880 ||| Stepping ~*~*~tactically~*~*~ (hiding).
 17931 | D:15     | 17931 ||| INVOKING Heroism.
 18004 | D:15     | 18004 ||| INVOKING Heroism.
 18005 | D:15     | Noticed Nessos
 18006 | D:15     | 18006 ||| INVOKING Finesse.
 18014 | D:15     | Reached skill level 6 in Throwing
 18031 | D:15     | Killed Nessos
 18113 | D:15     | Found a staircase to the Depths.
 18114 | D:15     | 18114 ||| INVOKING Heroism.
 18462 | D:15     | 18462 ||| PLANNING ORC
 18563 | Orc:1    | Entered Level 1 of the Orcish Mines
 18564 | Orc:1    | 18564 ||| INVOKING Heroism.
 18607 | Orc:1    | Noticed Josephine
 18609 | Orc:1    | 18609 ||| INVOKING Heroism.
 18618 | Orc:1    | Killed Josephine
 18618 | Orc:1    | Identified the +1 robe "Cybyek" {rF+ Int+3} (Okawaru gifted
                  | it to you on level 1 of the Orcish Mines)
 18618 | Orc:1    | Received a gift from Okawaru
 18734 | Orc:1    | 18734 ||| INVOKING Heroism.
 18740 | Orc:1    | Noticed Erolcha
 18750 | Orc:1    | Reached XP level 16. HP: 97/104 MP: 21/21
 18750 | Orc:1    | Noticed Nergalle
 18762 | Orc:1    | Killed Nergalle
 18767 | Orc:1    | Killed Erolcha
 18817 | Orc:1    | 18817 ||| INVOKING Heroism.
 18951 | Orc:1    | 18951 ||| Stepping ~*~*~tactically~*~*~ (stealth).
 18952 | Orc:1    | 18952 ||| Stepping ~*~*~tactically~*~*~ (stealth).
 18953 | Orc:1    | 18953 ||| Stepping ~*~*~tactically~*~*~ (stealth).
 18954 | Orc:1    | 18954 ||| INVOKING Heroism.
 18985 | Orc:1    | 18985 ||| INVOKING Finesse.
 18989 | Orc:1    | Noticed Erica
 18989 | Orc:1    | 18989 ||| Stepping ~*~*~tactically~*~*~ (hiding).
 18990 | Orc:1    | 18990 ||| Stepping ~*~*~tactically~*~*~ (hiding).
 18995 | Orc:1    | 18995 ||| Stepping ~*~*~tactically~*~*~ (hiding).
 18998 | Orc:1    | Killed Erica
 18999 | Orc:1    | 18999 ||| Stepping ~*~*~tactically~*~*~ (hiding).
 19000 | Orc:1    | 19000 ||| Stepping ~*~*~tactically~*~*~ (stealth).
 19001 | Orc:1    | 19001 ||| Stepping ~*~*~tactically~*~*~ (hiding).
 19011 | Orc:1    | Reached skill level 18 in Axes
 19092 | Orc:1    | Found Esakodd's Distillery.
 19103 | Orc:1    | 19103 ||| BUYING potion of cancellation (88 gold).
 19103 | Orc:1    | Bought a potion of cancellation for 88 gold pieces
 19103 | Orc:1    | 19103 ||| BUYING potion of curing (33 gold).
 19103 | Orc:1    | Bought a potion of curing for 33 gold pieces
 19103 | Orc:1    | 19103 ||| BUYING potion of curing (33 gold).
 19103 | Orc:1    | Bought a potion of curing for 33 gold pieces
 19103 | Orc:1    | 19103 ||| BUYING potion of haste (110 gold).
 19103 | Orc:1    | Bought a potion of haste for 110 gold pieces
 19103 | Orc:1    | 19103 ||| BUYING potion of heal wounds (55 gold).
 19103 | Orc:1    | Bought a potion of heal wounds for 55 gold pieces
 19103 | Orc:1    | 19103 ||| BUYING potion of lignification (33 gold).
 19103 | Orc:1    | Bought a potion of lignification for 33 gold pieces
 19175 | Orc:2    | Entered Level 2 of the Orcish Mines
 19219 | Orc:2    | 19219 ||| Stepping ~*~*~tactically~*~*~ (hiding).
 19222 | Orc:2    | 19222 ||| INVOKING Heroism.
 19356 | Orc:2    | 19356 ||| Stepping ~*~*~tactically~*~*~ (stealth).
 19398 | Orc:2    | Found a staircase to the Elven Halls.
 19465 | Orc:2    | 19465 ||| INVOKING Heroism.
 19489 | Orc:2    | HP: 18/104 [orc sorcerer/bolt of fire (34)]
 19489 | Orc:2    | Slain by an orc knight

Levels and vault maps discovered:
D:1:      minmay_arrival_four_loops, layout_basic, serial_forest,
          infiniplex_forest_clump_C, infiniplex_forest_straight_2,
          infiniplex_forest_corner_1, infiniplex_forest_end_2,
          infiniplex_forest_zigzag_2, infiniplex_forest_lined_corner,
          infiniplex_forest_lined_ring
D:2:      layout_loops_ring, dreamdust_ecumenical_altar_angels_and_demons,
          uniq_natasha, uniq_crazy_yiuf_cottage
D:3:      layout_basic, uniq_sigmund, uniq_grinder
D:4:      layout_loops_cross, okawaru_trees_1, solitary_fountain
D:5:      layout_basic
D:6:      cheibrodos_fzero, layout_loops_ring, hellmonk_ghost_happy_afterlife
D:7:      layout_basic, kennysheep_mini, nicolae_yredelemnul_corpse_copse,
          gammafunk_temple_overflow_statue, minmay_temple_entry_statues_pillars,
          serial_shops, nicolae_take_the_stairs, uniq_joseph
D:8:      layout_rooms, serial_shops, nicolae_diamond_shop
D:9:      layout_basic, mainiacjoe_overflow_surrounded_room, library_closet,
          uniq_maurice
D:10:     layout_loops_corners, gammafunk_temple_overflow_claw,
          grunt_lair_entry_orc_guard_hut, serial_shops, nicolae_diamond_shop,
          shop, minivault_4, chequers_garden, nrook_campfire, item_on_display_b
D:11:     layout_loops_ring, zombieorc1_lemuel
D:12:     layout_layer_cave, statue_in_the_mist_lemuel
D:13:     hourglass_vault, layout_long_grid, serial_co_window_serial,
          co_window_paths_a, co_window_paths_a, co_window_paths_a,
          co_window_cross_1, co_window_paths_b, co_window_corner_a,
          co_window_of_opportunity_a, co_window_paths_c, co_window_broadway_b,
          co_window_corner_ca, co_window_corner_b, co_window_of_opportunity_b,
          co_window_paths_c, uniq_jorgrun
D:14:     layout_grid_maze, david_vaults_3, serial_shops, shop
D:15:     grunt_enter_depths_giant_problem, layout_irregular_city, uniq_nessos
Lair:1:   gammafunk_lair_enchanted_lake, layout_loops_ring,
          nicolae_quartered_pool_medium, lemuel_fruit_tree
Lair:2:   layout_roguey, minmay_shoals_entry_beasts,
          minmay_snake_entry_guardpost_medium, portal_ice_cave_entry_pillars_2,
          chequers_serial_rivers_micro_a, infiniplex_staircase_pool_2
Lair:3:   layout_chaotic_city, lemuel_fruit_fields
Lair:4:   layout_cave_pods, special_room [special_room_bee],
          cheibrodos_lair_lostbears, serial_bayou_shore_b
Lair:5:   wormcave, layout_misc_corridors, guppyfry_lair_end_dragon,
          minmay_slime_entry_pillars, lemuel_fruit_fields
Orc:1:    layout_caves, serial_shops, nicolae_shop_crystal, mines5_lemuel,
          uniq_josephine, uniq_erica, uniq_erolcha, uniq_nergalle
Orc:2:    st_orc_congregation, layout_diamond_mine

Skill      XL: |  1  2  3  4  5  6  7  8  9 10 11 12 13 14 15 16 |
---------------+-------------------------------------------------+-----
Axes           | 2 3 4 5 6 8 9 10 11 13 14 16 17 18 | 18.0
Fighting       | 5 6 7 8 9 10 11 12 13 | 13.0
Dodging        | 2 3 4 |  4.1
Invocations    | 2 4 6 9 10 | 10.0
Shields        | 4 5 6 7 8 |  8.6
Armour         | 4 7 8 9 10 11 12 | 12.1
Throwing       | 3 4 5 6 |  6.0

Action                   |  1- 3 |  4- 6 |  7- 9 | 10-12 | 13-15 | 16-18 || total
-------------------------+-------+-------+-------+-------+-------+-------++-------
Melee: War axe           |   102 |    73 |   343 |   387 |       |       ||   905
       Kick              |     5 |     1 |       |       |       |       ||     6
       Broad axe         |       |       |       |   186 |   787 |   117 ||  1090
       Hand axe          |       |       |       |    10 |    35 |       ||    45
Throw: Boomerang         |       |     7 |    17 |     2 |     9 |     1 ||    36
       Javelin           |       |       |       |    26 |   101 |     8 ||   135
Invok: Heroism           |       |       |    11 |    25 |    39 |     4 ||    79
       Finesse           |       |       |       |     2 |    15 |     1 ||    18
  Use: Scroll            |     2 |     2 |    12 |     7 |     5 |       ||    28
       Potion            |     2 |     1 |     5 |     1 |     1 |       ||    10
Armor: Scale mail        |    56 |    38 |   199 |    34 |       |       ||   327
       Plate armour      |       |       |       |   312 |    43 |       ||   355
       Chain mail        |       |       |       |     8 |       |       ||     8
       Storm dragon scal |       |       |       |       |   486 |    47 ||   533
Dodge: Dodged            |    39 |    22 |   173 |   176 |   308 |    38 ||   756
Block: Buckler           |    20 |     4 |    61 |   151 |   214 |    31 ||   481

Table legend:
 A = Non-vault XP
 B = Vault XP
 C = Vault XP percentage of total XP
 D = Non-vault monster count
 E = Vault monster count
 F = Vault count percentage of total count
                 A         B        C        D         E       F
            +---------+---------+-------+---------+---------+-------
      Total |  100481 |   38495 |  27.7 |     481 |     190 |  28.3
            +---------+---------+-------+---------+---------+-------
        D:1 |      36 |       0 |   0.0 |      26 |       0 |   0.0
        D:2 |     124 |      33 |  21.0 |      18 |       1 |   5.3
        D:3 |     163 |     503 |  75.5 |      23 |       2 |   8.0
        D:4 |     215 |       0 |   0.0 |      14 |       0 |   0.0
        D:5 |     506 |       0 |   0.0 |      13 |       0 |   0.0
        D:6 |     517 |    1879 |  78.4 |      14 |      16 |  53.3
        D:7 |    1641 |     826 |  33.5 |      27 |       8 |  22.9
        D:8 |    1077 |       0 |   0.0 |       7 |       0 |   0.0
        D:9 |    2282 |     861 |  27.4 |      26 |       4 |  13.3
       D:10 |    2048 |     261 |  11.3 |      13 |       2 |  13.3
       D:11 |    6163 |     619 |   9.1 |      20 |      28 |  58.3
       D:12 |    3879 |       0 |   0.0 |      14 |       0 |   0.0
       D:13 |    6022 |   11822 |  66.3 |      11 |      27 |  71.1
       D:14 |   14913 |    1643 |   9.9 |      32 |       2 |   5.9
       D:15 |    9324 |    2076 |  18.2 |      28 |       2 |   6.7
     Lair:1 |    5166 |     921 |  15.1 |      22 |       3 |  12.0
     Lair:2 |    8812 |    1792 |  16.9 |      36 |       8 |  18.2
     Lair:3 |   13279 |       0 |   0.0 |      40 |       0 |   0.0
     Lair:4 |   14446 |    3605 |  20.0 |      43 |      28 |  39.4
     Lair:5 |    4183 |    3896 |  48.2 |      10 |      19 |  65.5
      Orc:1 |    4933 |    5485 |  52.6 |      35 |      17 |  32.7
      Orc:2 |     752 |    2273 |  75.1 |       9 |      23 |  71.9
            +---------+---------+-------+---------+---------+-------
